 Dungeon Crawl Stone Soup version 0.31-a0-960-g0fca184906 (webtiles) character file.

Game seed: 4060929453456914044

331 GordonOverkill the Sneak (level 6, -4/36 (38) HPs)
             Began as a Tengu Delver on Oct 23, 2023.
             Slain by a wight
             ... wielding a +0 scimitar
              (8 damage)
             ... in an ossuary.
             The game lasted 00:05:12 (935 turns).

GordonOverkill the Sneak (Tengu Delver)              Turns: 935, Time: 00:05:13

HP:   -4/36 (38)    AC:  3    Str: 12    XL:     6   Next: 52%
MP:   10/10         EV: 12    Int: 13    God:
Gold: 20            SH:  0    Dex: 15    Spells: 9/9 levels left

rFire   . . .        a - +0 short sword
rCold   . . .        (no shield)
rNeg    . . .        b - +0 leather armour
rPois   .            (helmet restricted)
rElec   .            (no cloak)
rCorr   .            (no gloves)
SInv    .            (boots unavailable)
Will    .....        (no amulet)
Stlth   +++          (no ring)
HPRegen 0.26/turn    (no ring)
MPRegen 0.12/turn

%: acrobat
@: silenced, drained
A: beak, talons 3, acrobatic
a: no special abilities


You were in an ossuary.
You visited 1 branch of the dungeon, and saw 2 of its levels.
You also visited: Ossuary.

You collected 20 gold pieces.

Inventory:

Hand Weapons
 a - a +0 short sword (weapon)
Armour
 b - a +0 leather armour (worn)
 e - a +0 chain mail
Wands
 g - a wand of digging (3)
Scrolls
 c - a scroll of fog
 h - a scroll of identify {unknown}
 j - 2 scrolls of immolation {unknown}
Potions
 f - a potion of haste
 i - a potion of mutation {unknown}
 k - a potion of magic {unknown}
 l - 2 potions of curing {unknown}


   Skills:
 - Level 4.0 Fighting
 - Level 5.0 Short Blades
 - Level 3.0 Dodging
 - Level 5.0 Stealth
 + Level 2.0 Spellcasting
 + Level 2.0 Ice Magic


You had 9 spell levels left.
You didn't know any spells.
Your spell library was empty.

Dungeon Overview and Level Annotations

Branches:
Dungeon (6/15)             Temple (0/1) D:5         Ossuary (1/1)

Altars:

Shops:
D:5 :


Innate Abilities, Weirdness & Mutations

You have a beak for a mouth.
You have claws for feet.
You can magically evade attacks while moving or waiting.


Message History

No target in view!
No target in view!
You hit the hobgoblin zombie. Your peck misses the hobgoblin zombie.
The hobgoblin zombie is lightly damaged.
The hobgoblin zombie barely misses you.
You hit the hobgoblin zombie. You peck the hobgoblin zombie.
The hobgoblin zombie is almost destroyed.
You hit the hobgoblin zombie.
You destroy the hobgoblin zombie!
No target in view!
No target in view!
You hit the goblin zombie. You peck the goblin zombie.
The goblin zombie is heavily damaged.
You hit the goblin zombie. You claw the goblin zombie.
You destroy the goblin zombie!
No target in view!
No target in view!
No target in view!
You open the door.
A wight comes into view. It is wielding a +0 scimitar.
Found five items.
Found a gate leading back out of this place.
You hit the wight but do no damage. The wight hits you with a +0 scimitar!
* * * LOW HITPOINT WARNING * * *
You feel drained.
* * * LOW HITPOINT WARNING * * *
You are too injured to fight recklessly!
You are too injured to fight recklessly!
You are too injured to fight recklessly!
You hit the wight. Your kick misses the wight. You peck the wight.
The wight is lightly damaged.
The wight hits you with a +0 scimitar!
* * * LOW HITPOINT WARNING * * *
You barely miss the wight. You claw the wight. Your peck misses the wight.
The wight is moderately damaged.
The wight misses you.
You hit the wight but do no damage. You claw the wight, but do no damage.
The wight is moderately damaged.
The wight hits you with a +0 scimitar!
You die...

####### #....∩# #....∩#
######'''############
##........#..........##
##.........#...........##
##..........#............##
#...........#.z...........#
#....8......#'#@.....8....#
#...8#8....##.##....8#8...#
#....8...####z ###...8....#
#.......## #. ##.......#
#......## $! ##......#
#......# ?? #......#
#.....## [∩ ##.....#
###...# #...### #'''# #'''#


You could see a wight.

Vanquished Creatures
  A water moccasin zombie (Ossuary)
  A howler monkey (D:6)
  2 centaur zombies (Ossuary)
  2 bullfrog zombies (Ossuary)
  A hound (D:6)
  An orc priest (D:5)
  An ogre zombie (Ossuary)
  3 adder zombies (Ossuary)
  An orc (D:5)
  3 gnoll zombies (Ossuary)
  6 goblin zombies (Ossuary)
  4 hobgoblin zombies (Ossuary)
26 creatures vanquished.

Notes
Turn   | Place    | Note
-------+----------+-------------------------------------------
     0 | D:5      | GordonOverkill the Tengu Delver began the quest for the
                  | Orb.
     0 | D:5      | Reached XP level 1. HP: 14/14 MP: 2/2
     0 | D:5      | Found Qosaptee's Tiny Tomes.
     3 | D:6      | Noticed a hound
     6 | D:6      | Killed a hound
     7 | D:6      | Reached XP level 2. HP: 19/19 MP: 3/3
     7 | D:6      | Reached XP level 3. HP: 23/23 MP: 4/4
    52 | D:6      | Reached XP level 4. HP: 28/28 MP: 5/5
    72 | D:6      | Noticed a black bear
   105 | D:5      | Reached skill level 5 in Short Blades
   164 | D:5      | Found a sand-covered staircase.
   173 | Ossuary  | Entered an ossuary
   328 | Ossuary  | Reached XP level 5. HP: 9/33 MP: 6/6
   536 | Ossuary  | Reached skill level 1 in Spellcasting
   616 | Ossuary  | Reached XP level 6. HP: 25/38 MP: 7/10
   683 | Ossuary  | Reached skill level 1 in Ice Magic
   935 | Ossuary  | Slain by a wight

Illustrated notes

Levels and vault maps discovered:
D:5:      minmay_recursive_quarters, layout_loops_ring, lemuel_round_altar,
          minmay_temple_entry_trees, nicolae_ossuary_entry_monument,
          nicolae_kite_square_tiling_tiny, nicolae_shop_i_like_small_books_too,
          uniq_pikel
D:6:      layout_rooms, nicolae_uskayaw_suspiria, minmay_unpleasant_kobolds
Ossuary:  ossuary_hellmonk_silent_tomb

Skill      XL: |  1  2  3  4  5  6 |
---------------+-------------------+-----
Short Blades   | 4 5 |  5.0
Fighting       | 4 |  4.0
Dodging        | 3 |  3.0
Spellcasting   | 2 |  2.0
Ice Magic      | 2 |  2.0
Stealth        | |  5.0

Action                     |  1- 3 |  4- 6 || total
---------------------------+-------+-------++-------
  Melee: Short sword       |     2 |   129 ||   131
         Kick              |     1 |    50 ||    51
         Peck              |       |    27 ||    27
         Punch             |       |     3 ||     3
    Use: Scroll            |       |     2 ||     2
   Stab: Sleeping          |     2 |       ||     2
 Armour: Leather armour    |       |    56 ||    56
  Dodge: Dodged            |       |    59 ||    59

Table legend: (Time is in decaauts)
 A = Elapsed time spent in this place.
 B = Non-inter-level travel time spent in this place.
 C = Inter-level travel time spent in this place.
 D = Time resting spent in this place.
 E = Time spent auto-exploring this place.
 F = Levels seen in this place.
 G = Mean time per level.
                   A        B        C        D        E       F      G
               +--------+--------+--------+--------+--------+-----+--------+
         Total |    903 |    903 |      0 |    313 |      0 |   3 |  301.0 |
       Dungeon |    168 |    168 |      0 |      0 |      0 |   2 |   84.0 |
       Ossuary |    734 |    734 |      0 |    313 |      0 |   1 |  734.0 |
               +--------+--------+--------+--------+--------+-----+--------+

Top non-repeatable levels by time:
 Ossuary: 734 daAuts
     D:5: 84 daAuts
     D:6: 83 daAuts
